Map: Ruins of Seras

Players

Jonathan

  • Race: Protoss Protoss

ImmortalZodd - Winner!

  • Race: Zerg Zerg
  • League: Silver

VOD

Have the link to the VOD?

Description

Time

  • Played on: Jan. 29, 2016, 11:41 p.m.
  • Length: 13:32
Show
View Real Time Build Order
Export as new Build Order

Jonathan Protoss 

Build Orders: Oracle Opening 

Get SALT Encoding   

  12  0:01  Probe (Chrono Boost)  
  13  0:21  Probe (Chrono Boost)  
  14  0:29  Pylon  
  14  0:34  Probe (Chrono Boost)  
  15  0:50  Gateway  
  15  0:54  Forge  
  15  1:01  Probe (Chrono Boost)  
  16  1:09  Pylon  
  16  1:15  Probe (Chrono Boost)  
  17  1:44  Photon Cannon  
  17  1:50  Cybernetics Core  
  17  1:52  Pylon  
  17  1:56  Zealot  
  17  2:00  Probe (Chrono Boost)  
  20  2:06  Assimilator  
  20  2:07  Assimilator  
  20  2:10  Probe (Chrono Boost)  
  20  2:14  Pylon  
  21  2:23  Probe (Chrono Boost)  
  22  2:38  Probe (Chrono Boost)  
  23  2:44  Zealot  
  25  3:04  Probe (Chrono Boost)  
  26  3:08  Stargate  
  26  3:15  Stalker, Probe (Chrono Boost), Photon Cannon  
  29  3:26  Probe (Chrono Boost)  
  30  3:31  Gateway  
  30  3:36  Probe (Chrono Boost)  
  30  3:37  Warp Gate (Chrono Boost)  
  31  3:45  Zealot  
  31  3:47  Probe (Chrono Boost)  
  34  3:53  Oracle (Chrono Boost)  
  37  3:58  Probe  
  38  4:10  Probe  
  39  4:17  Pylon  
  39  4:22  Probe  
  40  4:25  Stargate  
  40  4:28  Pylon  
  40  4:34  Probe  
  41  4:46  Probe, Nexus  
  42  4:53  Zealot  
  44  5:18  Void Ray (Chrono Boost)  
  44  5:20  Probe  
  53  5:23  Void Ray (Chrono Boost)  
  53  5:27  Assimilator  
  53  5:32  Probe  
  54  5:41  Protoss Ground Weapons Level 1  
  54  5:44  Probe  
  55  5:55  Pylon  
  55  5:56  Probe  
  56  5:59  Probe  
  56  6:00  Stalker x2  
  61  6:08  Probe  
  61  6:10  Probe  
  62  6:17  Void Ray (Chrono Boost)  
  67  6:25  Probe  
  68  6:31  Probe, Assimilator  
  69  6:35  Stalker  
  69  6:36  Zealot  
  69  6:37  Probe  
  74  6:42  Probe  
  75  6:49  Void Ray (Chrono Boost)  
  75  6:53  Probe  
  80  7:05  Probe  
  80  7:07  Probe, Pylon  
  82  7:09  Zealot x2  
  82  7:11  Protoss Air Weapons Level 1  
  86  7:23  Pylon  
  86  7:25  Probe x2  
  86  7:26  Void Ray (Chrono Boost)  
  92  7:37  Probe  
  92  7:43  Nexus  
  93  7:55  Probe, Fleet Beacon  
  93  7:58  Probe  
  95  8:02  Zealot x2  
  95  8:03  Photon Cannon  
  99  8:23  Photon Cannon  
  99  8:25  Probe  
  99  8:26  Probe, Pylon  
  101  8:29  Protoss Ground Armor Level 1  
  101  8:39  Pylon  
  101  8:42  Probe  
  101  8:45  Stalker  
  110  8:49  Carrier (Chrono Boost)  
  110  8:55  Tempest (Chrono Boost)  
  114  9:02  Pylon  
  114  9:06  Protoss Air Armor Level 1 (Chrono Boost)  
  114  9:12  Probe  
  114  9:14  Probe  
  116  9:17  Pylon  
  116  9:45  Void Ray (Chrono Boost)  
  116  9:50  Probe  
  118  9:53  Assimilator  
  118  9:56  Assimilator  
  118  9:57  Probe  
  118  9:58  Photon Cannon  
  119  10:01  Stalker, Probe, Zealot  
  119  10:02  Tempest (Chrono Boost)  
  128  10:07  Probe  
  128  10:13  Carrier  
  128  10:14  Photon Cannon  
  129  10:16  Gateway  
  129  10:19  Probe  
  130  10:25  Probe  
  130  10:26  Probe  
  138  10:30  Stalker  
  138  10:31  Probe, Zealot, Robotics Facility  
  143  10:40  Probe  
  144  10:45  Probe  
  145  10:51  Tempest  
  149  11:07  Nexus  
  149  11:14  Pylon  
  149  11:15  Pylon  
  149  11:18  Pylon  
  149  11:29  Probe  
  149  11:32  Carrier  
  146  11:35  Carrier  
  146  11:39  Zealot x3  
  162  11:42  Observer  
  90  12:04  Immortal (Chrono Boost)  
  72  12:17  Zealot x3  
  78  12:31  Probe  
  78  12:35  Photon Cannon  
  69  12:58  Zealot x2  
  41  13:27  Zealot x2  
Show
View Real Time Build Order
Export as new Build Order

ImmortalZodd Zerg - Winner!

Build Orders: Hatch First 

Get SALT Encoding   

  12  0:02  Drone  
  13  0:08  Drone  
  14  0:17  Drone, Extractor  
  15  0:37  Overlord  
  15  0:55  Drone x2  
  17  0:59  Hatchery  
  17  1:00  Drone  
  17  1:11  Drone  
  18  1:16  Extractor  
  17  1:20  Drone  
  18  1:27  Spawning Pool  
  18  1:31  Drone  
  18  1:40  Drone  
  19  1:49  Drone  
  20  2:00  Overlord  
  20  2:11  Drone  
  20  2:12  Drone  
  20  2:14  Queen  
  24  2:16  Queen  
  24  2:22  Metabolic Boost  
  26  2:26  Drone  
  27  2:30  Zergling x2  
  27  2:32  Zergling x2  
  27  2:35  Drone  
  30  2:45  Drone x2  
  32  2:57  Drone x2  
  33  3:07  Drone x2  
  35  3:15  Zergling x2  
  36  3:24  Hatchery  
  35  3:30  Drone  
  36  3:41  Overlord x4  
  36  4:02  Roach Warren  
  35  4:05  Evolution Chamber  
  35  4:07  Evolution Chamber  
  35  4:09  Spore Crawler  
  32  4:14  Spore Crawler  
  32  4:15  Drone x5  
  32  4:16  Drone x6  
  42  4:17  Drone  
  42  4:21  Extractor  
  42  4:23  Extractor  
  41  4:28  Drone x2  
  43  4:40  Drone x3  
  43  4:44  Queen  
  48  4:46  Lair  
  48  4:48  Roach  
  50  4:58  Roach x2  
  54  5:05  Roach  
  56  5:13  Queen  
  58  5:17  Drone x2  
  58  5:18  Drone, Roach  
  58  5:19  Roach x3  
  58  5:20  Roach  
  71  5:34  Spore Crawler  
  70  5:39  Roach  
  70  5:40  Roach  
  74  5:49  Overlord x6, Hydralisk Den  
  73  6:07  Overlord x3  
  73  6:09  Roach x5  
  83  6:12  Drone  
  83  6:13  Drone  
  85  6:19  Drone x2  
  85  6:20  Hydralisk  
  89  6:31  Hydralisk x3  
  89  6:32  Hydralisk  
  97  6:41  Hydralisk  
  97  6:44  Drone  
  97  6:45  Drone x3  
  103  6:57  Roach x5  
  103  6:58  Roach  
  115  7:05  Hydralisk  
  117  7:10  Overseer  
  117  7:25  Hydralisk x2  
  121  7:39  Extractor  
  121  7:40  Extractor  
  119  7:46  Extractor  
  118  7:55  Hydralisk  
  118  7:56  Hydralisk x3  
  118  7:57  Hydralisk  
  128  8:10  Hydralisk x2  
  132  8:17  Hydralisk  
  134  8:20  Overlord  
  134  8:21  Overlord x7  
  134  8:22  Overlord x3  
  134  8:31  Drone  
  135  8:36  Queen  
  135  8:40  Queen  
  139  8:42  Queen  
  139  8:46  Zerg Missile Weapons Level 1, Zerg Ground Armor Level 1  
  139  8:48  Hydralisk, Roach x2  
  147  9:12  Hydralisk x3, Queen  
  147  9:13  Hydralisk x3  
  147  9:16  Queen  
  163  9:18  Queen  
  165  9:25  Hydralisk x4  
  172  9:56  Hydralisk x5  
  172  9:57  Hydralisk x3  
  172  9:59  Hydralisk  
  190  10:05  Muscular Augments  
  190  10:12  Overseer x3  
  190  10:31  Infestation Pit  
  189  10:44  Hydralisk x5  
  199  10:56  Zerg Ground Armor Level 2, Zerg Missile Weapons Level 2  
  199  10:58  Glial Reconstitution  
  163  12:05  Hydralisk  
  163  12:06  Hydralisk x7  
  163  12:07  Hydralisk x11  
  189  12:26  Hydralisk  
  189  12:27  Hydralisk x4  
  197  12:41  Hydralisk x2  
  197  12:42  Hydralisk x2  
  191  13:01  Hydralisk x3  
  191  13:02  Hydralisk  
Tags
 
Add a new tag
Caveats
  • Supply blocks, unpowered buildings, or Contaminate may cause inaccurate times.
  • Supply counts are checked every 10 seconds.